 Dungeon Crawl Stone Soup version 0.24-a0-7-g1bb0902 (webtiles) character file.

Game seed: 7897233756389369997

114 Ijustatesigmund the Chopper (level 4, -1/39 HPs)
             Began as a Hill Orc Fighter on Jan 30, 2019.
             Slain by a hobgoblin
             ... wielding a +0 club
             ... led by Robin
              (7 damage)
             ... on level 2 of the Dungeon.
             The game lasted 00:04:15 (1096 turns).

Ijustatesigmund the Chopper (Hill Orc Fighter)      Turns: 1096, Time: 00:04:15

Health: -1/39      AC:  0    Str: 18    XL:     4   Next: 97%
Magic:  4/4        EV: 13    Int:  8    God:
Gold:   55         SH:  0    Dex: 11    Spells: 3/3 levels left

rFire    . . .     SeeInvis .   (weapon currently unavailable)
rCold    . . .     Gourm    .   (shield currently unavailable)
rNeg     . . .     Faith    .   (armour currently unavailable)
rPois    .         Spirit   .   (helmet currently unavailable)
rElec    .         Reflect  .   (cloak currently unavailable)
rCorr    .         Harm     .   (gloves currently unavailable)
MR       .....                  (boots currently unavailable)
Stlth    +.........             (no amulet)
HPRegen  0.13/turn              (ring currently unavailable)
MPRegen  0.09/turn              (ring currently unavailable)

@: lethally poisoned (-1 -> -14), pig-form, very quick
A: small
a: no special abilities


You were on level 2 of the Dungeon.
You were hungry.
You were a filthy swine.
You visited 1 branch of the dungeon, and saw 2 of its levels.

You collected 55 gold pieces.

Inventory:

Hand Weapons
 a - a +0 war axe (melded)
 d - a +1 whip of venom
Armour
 b - a +0 scale mail (melded)
 c - a +1 shield (melded)
Scrolls
 e - a scroll of identify {unknown}
Potions
 g - a potion of invisibility {unknown}
 h - a potion of might
 i - a potion of degeneration {unknown}
Comestibles
 f - 2 rations


   Skills:
 - Level 3.6 Fighting
 + Level 6.6 Axes
 - Level 3.2 Armour
 - Level 3.2 Shields


You had 3 spell levels left.
You didn't know any spells.
Your spell library was empty.

Dungeon Overview and Level Annotations

Branches:
Dungeon (2/15)

Altars:

Annotations:
D:2 Robin, Terence


Message History

You miss the goblin.
The goblin is moderately wounded.
A hobgoblin comes into view. It is wielding a +0 club.
Robin hits you from afar with a +2 spear of venom.
You are poisoned.
The goblin closely misses you.
The hobgoblin shouts!
You hit the goblin.
The goblin is heavily wounded.
You feel sick.
Robin hits you from afar with a +2 spear of venom!
You are lethally poisoned!
The hobgoblin hits you with a +0 club.
* * * LOW HITPOINT WARNING * * *
The goblin completely misses you.
You hit the goblin.
You kill the goblin!
* * * LOW HITPOINT WARNING * * *
You feel sick. Robin misses you. The hobgoblin hits you with a +0 club!
You die...

.## ..# #.# #.# ##+## #.#
##...## # . ##.#
##.....## .#..
##.###.....<(## .....
.#.##......รท..####.....#
....'.........')hgg.....
.####.........####g..#.#
## ##.......## .## #
##.....## # ##...##
##'###### #.......#
#.#####.# #.# #.#######.


You could see Robin, a hobgoblin and a goblin.

Vanquished Creatures
  A bullfrog zombie (D:2)
  2 adders (D:2)
  A dart slug (D:1)
  2 leopard geckos
  2 ball pythons (D:1)
  3 giant cockroaches (D:1)
  14 goblins
  3 hobgoblins
  10 jackals (D:1)
  2 bats
  3 frilled lizards
  5 kobolds
  4 rats
52 creatures vanquished.

Notes
Turn   | Place    | Note
-------+----------+-------------------------------------------
     0 | D:1      | Ijustatesigmund the Hill Orc Fighter began the quest for
                  | the Orb.
     0 | D:1      | Reached XP level 1. HP: 19/19 MP: 1/1
    86 | D:1      | Reached skill level 3 in Axes
   216 | D:1      | Reached XP level 2. HP: 22/26 MP: 2/2
   222 | D:1      | Reached skill level 4 in Axes
   235 | D:1      | Reached XP level 3. HP: 12/31 MP: 3/3
   536 | D:1      | Reached skill level 5 in Axes
   772 | D:2      | Reached skill level 6 in Axes
   772 | D:2      | Reached XP level 4. HP: 11/39 MP: 4/4
   787 | D:2      | Noticed Terence
  1084 | D:2      | Noticed Robin
  1096 | D:2      | Slain by a hobgoblin

Vault maps used:
D:1:      wheals_arrival_linesprint, corexii_corridor_pit
D:2:      uniq_robin, uniq_terence

Skill      XL: |  1  2  3 |
---------------+----------+-----
Axes           | 3 4 6 |  6.6
Fighting       | |  3.6
Armour         | |  3.2
Shields        | |  3.2

Action                   |  1- 3 |  4- 6 || total
-------------------------+-------+-------++-------
Melee: War axe           |    95 |    27 ||   122
       Unarmed           |       |     3 ||     3
  Use: Potion            |     1 |       ||     1
       Scroll            |     4 |       ||     4
Armor: Scale mail        |    49 |    10 ||    59
Dodge: Dodged            |    38 |    12 ||    50
Block: Shield            |    50 |    14 ||    64

Table legend:
 A = Non-vault XP
 B = Vault XP
 C = Vault XP percentage of total XP
 D = Non-vault monster count
 E = Vault monster count
 F = Vault count percentage of total count
                 A         B        C        D         E       F
            +---------+---------+-------+---------+---------+-------
      Total |     148 |      15 |   9.2 |      44 |       8 |  15.4
            +---------+---------+-------+---------+---------+-------
        D:1 |      62 |       0 |   0.0 |      34 |       0 |   0.0
        D:2 |      86 |      15 |  14.9 |      10 |       8 |  44.4
            +---------+---------+-------+---------+---------+-------
